3A
GRAND FORKS CATERPILLARS @ KINGSTON MANGOS
08/16/2042
 
TOP OF THE 1ST
Grand Forks Caterpillars batting - Pitching for Kingston Mangos : RHP Vicente Castro
Pitching: RHP Vicente Castro
Batting: LHB Henri de Beeld 0-0: Ball
1-0: Ball
2-0: Ball
3-0: Called Strike
3-1: Foul Ball, location: 2F
3-2: Strikes out swinging
Batting: SHB Tomás Sánchez 0-0: Ball
1-0: Foul Ball, location: 2F
1-1: Called Strike
1-2: Ball
2-2: Foul Ball, location: 2F
2-2: Ball
3-2: Base on Balls
Batting: LHB Oscar Finley 0-0: Ball
1-0: Ball
2-0: SINGLE (Line Drive, 3D, EV 98.1 MPH)
Tomás Sánchez to second
Runner from 2nd tries for 3rd, SAFE, throw by RF made to third
Batting: LHB Kelvin Schmidt 0-0: Foul Ball, location: 2F
0-1: Called Strike
0-2: Foul Ball, location: 2F
0-2: Strikes out looking
Batting: LHB Ed Cotton 0-0: Swinging Strike
0-1: Ball
1-1: Ball
2-1: TRIPLE (Flyball, 89XD, EV 106.2 MPH)
Tomás Sánchez scores
Oscar Finley scores
Batting: RHB Markus Lindsey 0-0: Foul Ball, location: 2F
0-1: Called Strike
0-2: Strikes out looking
Top of the 1st over - 2 runs, 2 hits, 0 errors, 1 left on base; Grand Forks 2 - Kingston 0
BOTTOM OF THE 1ST
Kingston Mangos batting - Pitching for Grand Forks Caterpillars : RHP Luis Bongers
Pitching: RHP Luis Bongers
Batting: RHB George Lewis 0-0: Called Strike
0-1: Fly out, F9 (Flyball, 9D, EV 101.2 MPH)
Batting: RHB Banu Judham 0-0: Ball
1-0: DOUBLE (Line Drive, 7LM, EV 90.6 MPH)
Batting: LHB Jose Asuncion 0-0: Called Strike
Banu Judham is caught stealing 3rd base 2-5
0-1: DOUBLE (Line Drive, 89D, EV 105.0 MPH)
Batting: SHB Miguel Lajara 0-0: Called Strike
0-1: Ball
1-1: Swinging Strike
1-2: Foul Ball, location: 2F
1-2: Ball
2-2: Ground out 6-3 (Groundball, 6, EV 104.4 MPH)
Bottom of the 1st over - 0 runs, 2 hits, 0 errors, 1 left on base; Grand Forks 2 - Kingston 0
TOP OF THE 2ND
Grand Forks Caterpillars batting - Pitching for Kingston Mangos : RHP Vicente Castro
Batting: LHB Jimmy McComb 0-0: Called Strike
0-1: Foul Ball, location: 2F
0-2: Foul Ball, location: 2F
0-2: Foul Ball, location: 2F
0-2: Strikes out swinging
Batting: RHB Juan Morales 0-0: Ball
1-0: Foul Ball, location: 2F
1-1: Ball
2-1: Foul Ball, location: 2F
2-2: Foul Ball, location: 2F
2-2: Ball
3-2: Foul Ball, location: 2F
3-2: Base on Balls
Batting: RHB Dave Horn 0-0: Reached on error, E1 (Groundball, 34S, EV 79.4 MPH)
Juan Morales to second
Batting: LHB Henri de Beeld 0-0: Called Strike
0-1: Called Strike
0-2: Ball
1-2: Foul Ball, location: 2F
1-2: Ball
2-2: Strikes out swinging
Batting: SHB Tomás Sánchez 0-0: Foul Ball, location: 2F
0-1: Ball
1-1: Ball
2-1: Ball
3-1: Foul Ball, location: 2F
3-2: DOUBLE (Flyball, 8LXD, EV 90.6 MPH)
Juan Morales scores
Dave Horn to third
Dave Horn scores
Batting: LHB Oscar Finley 0-0: Ball
1-0: Ball
2-0: Swinging Strike
2-1: Swinging Strike
2-2: Foul Ball, location: 2F
2-2: Strikes out swinging
Top of the 2nd over - 2 runs, 1 hit, 1 error, 1 left on base; Grand Forks 4 - Kingston 0
BOTTOM OF THE 2ND
Kingston Mangos batting - Pitching for Grand Forks Caterpillars : RHP Luis Bongers
Batting: RHB Jorge Miralles 0-0: Called Strike
0-1: Ball
1-1: Ball
2-1: Swinging Strike
2-2: SINGLE (Line Drive, 9S, EV 101.9 MPH)
Batting: LHB Dong-min Ch'oe 0-0: Ball
1-0: Ball
2-0: Ball
3-0: Swinging Strike
3-1: Called Strike
3-2: Strikes out swinging
Batting: RHB Harald Tijl 0-0: Ball
1-0: Ball
2-0: Ball
3-0: Base on Balls
Jorge Miralles to second
Batting: LHB Rodger Parsons 0-0: Called Strike
0-1: Ball
1-1: Swinging Strike
1-2: Strikes out looking and he ARGUES THE CALL AND IS TOSSED!
Batting: RHB Alfredo López 0-0: Ball
1-0: Foul Ball, location: 2F
1-1: Swinging Strike
1-2: Strikes out looking
Bottom of the 2nd over - 0 runs, 1 hit, 0 errors, 2 left on base; Grand Forks 4 - Kingston 0
TOP OF THE 3RD
Grand Forks Caterpillars batting - Pitching for Kingston Mangos : RHP Vicente Castro
Now at 1B: Francisco Alicea
Batting: LHB Kelvin Schmidt 0-0: Foul Ball, location: 2F
0-1: Ground out 2-3 (Groundball, 2R, EV 69.4 MPH)
Batting: LHB Ed Cotton 0-0: Called Strike
0-1: Ball
1-1: Ball
2-1: Called Strike
2-2: DOUBLE (Line Drive, 7LM, EV 95.6 MPH)
Batting: RHB Markus Lindsey 0-0: Ball
1-0: Foul Ball, location: 2F
1-1: Foul Ball, location: 2F
1-2: Foul Ball, location: 2F
1-2: Ball
2-2: Ball
3-2: Ground out 6-3 (Groundball, 6M, EV 101.9 MPH)
Ed Cotton to third
Batting: LHB Jimmy McComb 0-0: Ball
1-0: Ball
2-0: Ball
3-0: Base on Balls
Batting: RHB Juan Morales 0-0: Ball
1-0: Fly out, F8 (Line Drive, 8LD, EV 97.5 MPH)
Top of the 3rd over - 0 runs, 1 hit, 0 errors, 2 left on base; Grand Forks 4 - Kingston 0
BOTTOM OF THE 3RD
Kingston Mangos batting - Pitching for Grand Forks Caterpillars : RHP Luis Bongers
Batting: RHB George Lewis 0-0: Ball
1-0: Called Strike
1-1: Ball
2-1: Swinging Strike
2-2: Foul Ball, location: 2F
2-2: Foul Ball, location: 2F
2-2: Strikes out swinging
Batting: RHB Banu Judham 0-0: Ball
1-0: Ground out 5-3 (Groundball, 56S, EV 81.9 MPH)
Batting: LHB Jose Asuncion 0-0: Called Strike
0-1: SINGLE (Groundball, 34D, EV 96.2 MPH)
Batting: SHB Miguel Lajara 0-0: Foul Ball, location: 2F
0-1: Called Strike
0-2: Fly out, F8 (Line Drive, 8RD, EV 86.2 MPH)
Bottom of the 3rd over - 0 runs, 1 hit, 0 errors, 1 left on base; Grand Forks 4 - Kingston 0
TOP OF THE 4TH
Grand Forks Caterpillars batting - Pitching for Kingston Mangos : RHP Vicente Castro
Batting: RHB Dave Horn 0-0: Called Strike
0-1: Ball
1-1: Swinging Strike
1-2: Strikes out swinging
Batting: LHB Henri de Beeld 0-0: Ball
1-0: Foul Ball, location: 2F
1-1: Swinging Strike
1-2: Ground out 6-3 (Groundball, 6M, EV 84.4 MPH)
Batting: SHB Tomás Sánchez 0-0: Ball
1-0: Called Strike
1-1: Foul Ball, location: 2F
1-2: Ball
2-2: Foul Ball, location: 2F
2-2: DOUBLE (Flyball, 8LXD, EV 109.4 MPH)
Batting: LHB Oscar Finley 0-0: Called Strike
0-1: Ball
1-1: Foul Ball, location: 2F
1-2: Ground out 1-3 (Groundball, 15S, EV 68.8 MPH)
Top of the 4th over - 0 runs, 1 hit, 0 errors, 1 left on base; Grand Forks 4 - Kingston 0
BOTTOM OF THE 4TH
Kingston Mangos batting - Pitching for Grand Forks Caterpillars : RHP Luis Bongers
Pitching: RHP Dragoljub Stanisic
Batting: RHB Jorge Miralles 0-0: Ball
1-0: Foul Ball, location: 2F
1-1: Called Strike
1-2: Strikes out swinging, 2-3 out at first.
Batting: LHB Dong-min Ch'oe 0-0: Ball
1-0: Ground out 1-3 (Groundball, 13, EV 68.8 MPH)
Batting: RHB Harald Tijl 0-0: Ball
1-0: Ball
2-0: Foul Ball, location: 2F
2-1: Ball
3-1: Base on Balls
Batting: RHB Francisco Alicea 0-0: Ball
1-0: Ball
2-0: Fielders Choice at 2nd, 6-4 (Groundball, 6, EV 105.0 MPH)
Bottom of the 4th over - 0 runs, 0 hits, 0 errors, 1 left on base; Grand Forks 4 - Kingston 0
TOP OF THE 5TH
Grand Forks Caterpillars batting - Pitching for Kingston Mangos : RHP Vicente Castro
Batting: LHB Kelvin Schmidt 0-0: Ball
1-0: Ball
2-0: Fly out, F7 (Flyball, 7S, EV 93.1 MPH)
Batting: LHB Ed Cotton 0-0: Swinging Strike
0-1: Ball
1-1: Called Strike
1-2: Ball
2-2: Foul Ball, location: 2F
2-2: Strikes out looking
Batting: RHB Markus Lindsey 0-0: Swinging Strike
0-1: SOLO HOME RUN (Flyball, 7D, EV 108.1 MPH), Distance : 409 ft
Batting: LHB Jimmy McComb 0-0: Foul Ball, location: 2F
0-1: Ball
1-1: Ball
2-1: Fly out, F8 (Flyball, 8LS, EV 87.5 MPH)
Top of the 5th over - 1 run, 1 hit, 0 errors, 0 left on base; Grand Forks 5 - Kingston 0
BOTTOM OF THE 5TH
Kingston Mangos batting - Pitching for Grand Forks Caterpillars : RHP Dragoljub Stanisic
Batting: RHB Alfredo López 0-0: Ball
1-0: Ball
2-0: Ball
3-0: Called Strike
3-1: Foul Ball, location: 2F
3-2: DOUBLE (Flyball, 8RXD, EV 90.6 MPH)
Batting: RHB George Lewis 0-0: Foul Ball, location: 2F
0-1: Ball
1-1: Ball
2-1: Swinging Strike
2-2: Strikes out looking
Batting: RHB Banu Judham 0-0: Ball
1-0: Fly out, F7 (Flyball, 7D, EV 105.0 MPH)
Batting: LHB Jose Asuncion 0-0: Ball
1-0: Swinging Strike
1-1: Swinging Strike
1-2: Ball
2-2: Strikes out looking
Bottom of the 5th over - 0 runs, 1 hit, 0 errors, 1 left on base; Grand Forks 5 - Kingston 0
TOP OF THE 6TH
Grand Forks Caterpillars batting - Pitching for Kingston Mangos : RHP Vicente Castro
Pitching: RHP Cristián Torres
Batting: RHB Juan Morales 0-0: Ground out 6-3 (Groundball, 56D, EV 98.1 MPH)
Batting: RHB Dave Horn 0-0: Ball
1-0: Ball
2-0: Ball
3-0: Base on Balls
Batting: LHB Henri de Beeld 0-0: Foul Ball, location: 2F
0-1: Ball
1-1: Fly out, F4 (Popup, 4D, EV 67.5 MPH)
Batting: SHB Tomás Sánchez 0-0: Fly out, F6 (Popup, 6, EV 60.0 MPH)
Top of the 6th over - 0 runs, 0 hits, 0 errors, 1 left on base; Grand Forks 5 - Kingston 0
BOTTOM OF THE 6TH
Kingston Mangos batting - Pitching for Grand Forks Caterpillars : RHP Dragoljub Stanisic
Batting: SHB Miguel Lajara 0-0: Ball
1-0: Ball
2-0: Called Strike
2-1: Ground out 6-3 (Groundball, 6, EV 80.0 MPH)
Batting: RHB Jorge Miralles 0-0: Ball
1-0: Foul Ball, location: 2F
1-1: Reached on error, E5 (Groundball, 5S, EV 66.2 MPH)
Batting: LHB Dong-min Ch'oe 0-0: Ball
1-0: Foul Ball, location: 2F
1-1: Ground out U3 (Groundball, 3, EV 98.8 MPH)
Jorge Miralles to third
Batting: RHB Harald Tijl 0-0: Called Strike
0-1: Fly out, F9 (Flyball, 89D, EV 105.0 MPH)
Bottom of the 6th over - 0 runs, 0 hits, 1 error, 1 left on base; Grand Forks 5 - Kingston 0
TOP OF THE 7TH
Grand Forks Caterpillars batting - Pitching for Kingston Mangos : RHP Cristián Torres
Batting: LHB Oscar Finley 0-0: Called Strike
0-1: Hit by Pitch
Batting: LHB Kelvin Schmidt 0-0: Ball
1-0: Ball
2-0: Ball
3-0: Fly out, F3 (Popup, 34S, EV 78.1 MPH)
Batting: LHB Ed Cotton 0-0: Called Strike
0-1: Fly out, F7 (Line Drive, 78M, EV 98.1 MPH)
Batting: RHB Markus Lindsey 0-0: Ball
1-0: Foul Ball, location: 2F
1-1: Foul Ball, location: 2F
1-2: Foul Ball, location: 2F
1-2: Foul Ball, location: 2F
1-2: Ball
2-2: Fly out, F8 (Flyball, 8RD, EV 95.0 MPH)
Top of the 7th over - 0 runs, 0 hits, 0 errors, 1 left on base; Grand Forks 5 - Kingston 0
BOTTOM OF THE 7TH
Kingston Mangos batting - Pitching for Grand Forks Caterpillars : RHP Dragoljub Stanisic
Batting: RHB Francisco Alicea 0-0: Called Strike
0-1: Ball
1-1: Swinging Strike
1-2: Ball
2-2: Foul Ball, location: 2F
2-2: Foul Ball, location: 2F
2-2: Ball
3-2: Strikes out swinging
Batting: RHB Alfredo López 0-0: Foul Ball, location: 2F
0-1: Ground out 6-3 (Groundball, 6, EV 88.1 MPH)
Batting: RHB George Lewis 0-0: Ball
1-0: Called Strike
1-1: Ball
2-1: Fly out, F9 (Flyball, 9LS, EV 90.0 MPH)
Bottom of the 7th over - 0 runs, 0 hits, 0 errors, 0 left on base; Grand Forks 5 - Kingston 0
TOP OF THE 8TH
Grand Forks Caterpillars batting - Pitching for Kingston Mangos : RHP Cristián Torres
Batting: LHB Jimmy McComb 0-0: Ground out 4-3 (Groundball, 4, EV 85.0 MPH)
Batting: RHB Juan Morales 0-0: Swinging Strike
0-1: Ball
1-1: Foul Ball, location: 2F
1-2: Ball
2-2: SINGLE (Groundball, 34S, EV 83.8 MPH) (infield hit)
Batting: RHB Dave Horn 0-0: Called Strike
0-1: Called Strike
0-2: Grounds into double play, 6-4-3 (Groundball, 6M, EV 102.5 MPH)
Top of the 8th over - 0 runs, 1 hit, 0 errors, 0 left on base; Grand Forks 5 - Kingston 0
BOTTOM OF THE 8TH
Kingston Mangos batting - Pitching for Grand Forks Caterpillars : RHP Dragoljub Stanisic
Batting: RHB Banu Judham 0-0: Ground out 1-3 (Groundball, 13, EV 85.0 MPH)
Batting: LHB Jose Asuncion 0-0: Ball
1-0: Foul Ball, location: 2F
1-1: Swinging Strike
1-2: Ball
2-2: Strikes out swinging
Batting: SHB Miguel Lajara 0-0: Foul Ball, location: 2F
0-1: Ball
1-1: Called Strike
1-2: Ball
2-2: Ground out U3 (Groundball, 3, EV 109.4 MPH)
Bottom of the 8th over - 0 runs, 0 hits, 0 errors, 0 left on base; Grand Forks 5 - Kingston 0
TOP OF THE 9TH
Grand Forks Caterpillars batting - Pitching for Kingston Mangos : RHP Cristián Torres
Pitching: LHP Keith Stinson
Batting: LHB Henri de Beeld 0-0: Fly out, F8 (Line Drive, 8RD, EV 104.4 MPH)
Batting: SHB Tomás Sánchez 0-0: Called Strike
0-1: Ball
1-1: Called Strike
1-2: Ball
2-2: SINGLE (Groundball, 56D, EV 106.2 MPH)
Batting: LHB Oscar Finley 0-0: Ball
1-0: Called Strike
1-1: Ball
2-1: Foul Ball, location: 2F
2-2: SINGLE (Groundball, 3, EV 88.1 MPH) (infield hit)
Tomás Sánchez to second
Batting: LHB Kelvin Schmidt 0-0: Called Strike
0-1: Fly out, F9 (Flyball, 9, EV 86.2 MPH)
Batting: LHB Ed Cotton 0-0: Fielders Choice at 2nd, 6-4 (Groundball, 6D, EV 103.8 MPH)
Top of the 9th over - 0 runs, 2 hits, 0 errors, 2 left on base; Grand Forks 5 - Kingston 0
BOTTOM OF THE 9TH
Kingston Mangos batting - Pitching for Grand Forks Caterpillars : RHP Dragoljub Stanisic
Pitching: LHP Norbert Léonard
Batting: RHB Jorge Miralles 0-0: Ground out U3 (Groundball, 34, EV 98.8 MPH)
Batting: LHB Dong-min Ch'oe 0-0: Ball
1-0: Ball
2-0: Foul Ball, location: 2F
2-1: Fly out, F8 (Flyball, 8LS, EV 78.8 MPH)
Batting: RHB Harald Tijl 0-0: Ball
1-0: Called Strike
1-1: Fly out, F9 (Flyball, 9D, EV 98.1 MPH)
Bottom of the 9th over - 0 runs, 0 hits, 0 errors, 0 left on base; Grand Forks 5 - Kingston 0
Friday, March 26th, 2021 - OOTP Baseball 20.8 Build 74